 Dungeon Crawl Stone Soup version 0.29.1-2-gbd0b4ee654 (webtiles) character file.

Game seed: 15303851338009603207

727 Condegh the Cleaver (level 7, -1/61 HPs)
             Began as a Hill Orc Monk on Nov 1, 2022.
             Slain by a quasit (2 damage)
             ... summoned by Eustachio
             ... on level 5 of the Dungeon.
             The game lasted 00:20:55 (4921 turns).

Condegh the Cleaver (Hill Orc Monk)                 Turns: 4921, Time: 00:20:55

Health: -1/61      AC: 12    Str: 16      XL:     7   Next: 72%
Magic:  7/7        EV:  7    Int: 12      God:
Gold:   189        SH:  5    Dex:  9 (10) Spells: 6/6 levels left

rFire   . . .      SeeInvis .   a - +1 hand axe
rCold   . . .      Faith    .   (no shield)
rNeg    . . .      Spirit   .   h - +0 chain mail
rPois   +          Reflect  +   (no helmet)
rElec   +          Harm     .   (no cloak)
rCorr   .          Rampage  .   j - +1 pair of gloves of the Game of Life {rElec Will+ Int+2 Dex-3}
Will    +....                   (no boots)
Stlth   ..........              g - amulet of reflection
HPRegen 0.20/turn               n - ring of poison resistance
MPRegen 0.10/turn               (no ring)

@: no status effects
A: no striking features
a: no special abilities


You were on level 5 of the Dungeon.
You visited 1 branch of the dungeon, and saw 5 of its levels.

You collected 189 gold pieces.

Inventory:

Hand Weapons
 a - a +1 hand axe (weapon)
 r - the +3 sling of Vuro {freeze, Str+3}
   (You found it on level 4 of the Dungeon)

   Any ammunition fired from it freezes those it strikes, dealing additional
   cold damage.
   It can also slow down cold-blooded creatures.
   Str:       It affects your strength (+3).
Armour
 b - a +0 robe
 h - a +0 chain mail (worn)
 j - the +1 pair of gloves of the Game of Life (worn) {rElec Will+ Int+2 Dex-3}
   (You found it on level 3 of the Dungeon)

   Int:       It affects your intelligence (+2).
   Dex:       It affects your dexterity (-3).
   rElec:     It insulates you from electricity.
   Will:      It increases your willpower.
Jewellery
 g - an amulet of reflection (around neck)
 n - a ring of poison resistance (left hand)
Wands
 s - a wand of digging (7)
Scrolls
 e - a scroll of enchant weapon
 i - a scroll of blinking {unknown}
 k - a scroll of amnesia
 m - a scroll of silence
 o - a scroll of acquirement {unknown}
 q - a scroll of teleportation
 t - a scroll of poison {unknown}
Potions
 d - a potion of brilliance {unknown}
 f - 3 potions of haste {unknown}
 l - a potion of lignification
 p - a potion of attraction {unknown}
 u - a potion of curing {unknown}


   Skills:
 - Level 5.0 Fighting
 + Level 8.2 Axes
 - Level 5.0 Armour
 - Level 2.4 Dodging
 - Level 1.5 Stealth
 + Level 2.4 Evocations


You had 6 spell levels left.
You didn't know any spells.
Your spell library contained the following spells:

 Spells                   Type           Power      Damage    Failure   Level
 Dazzling Flash           Conj/Hex       0%         N/A       100%        3
 Iskenderun's Mystic Bla  Conj/Tloc      0%         2d3       100%        4
 Starburst                Conj/Fire      0%         6d3       100%        6


Dungeon Overview and Level Annotations

Branches:
Dungeon (5/15)
 Temple: D:4-7

Altars:
Zin

Annotations:
D:5 Eustachio


Message History

The ufetubus hits you but does no damage.
The river rat barely misses you.
The quasit bites you but does no damage.
You block the quasit's attack.
The quasit claws you but does no damage.
Eustachio hits you with a +0 falchion.
* * * LOW HITPOINT WARNING * * *
You hit Eustachio.
Eustachio is severely wounded.
You hit the river rat but do no damage. You hit the quasit.
You barely miss the quasit.
The quasit bites you but does no damage.
The quasit claws you but does no damage. x2
The river rat completely misses you.
You closely miss Eustachio.
Eustachio is severely wounded.
You completely miss the river rat. You hit the quasit.
You closely miss the quasit. You block the quasit's attack. x2
The quasit claws you.
* * * LOW HITPOINT WARNING * * *
The quasit bites you.
* * * LOW HITPOINT WARNING * * *
You block the quasit's attack.
The quasit claws you but does no damage.
Eustachio barely misses you. The river rat closely misses you.
The quasit bites you.
* * * LOW HITPOINT WARNING * * *
You feel clumsy.
The quasit claws you but does no damage.
The quasit barely misses you.
You barely miss Eustachio.
Eustachio is severely wounded.
You completely miss the quasit. You hit the river rat but do no damage.
You barely miss the quasit. The quasit bites you.
* * * LOW HITPOINT WARNING * * *
The quasit claws you but does no damage. x2
You block Eustachio's attack. The river rat bites you.
* * * LOW HITPOINT WARNING * * *
You block the quasit's attack. The quasit claws you.
You die...

... .... .. #...
...
#....###########...
#.†.............
#######.........#
#.........#
#r5.......#
+@55......#
#.@.......#
#.........#
#.........#
####.........#
...........#...
############..#..
#.............#
#.##########.##


You could see Eustachio, 2 quasits, a river rat (summoned) and an ufetubus
(summoned).

Vanquished Creatures
  An ice beast (D:5)
  2 ogres (D:5)
  A phantom (D:3)
  A howler monkey (D:5)
  3 hounds
  An orc priest (D:4)
  2 orc wizards
  3 gnolls (D:3)
  6 adders
  2 worms (D:2)
  3 dart slugs
  15 orcs
  5 ball pythons
  5 endoplasms
  4 giant cockroaches
  2 hobgoblins (D:1)
  4 jackals (D:1)
  8 kobolds
  8 quokkas
  3 bats
  3 frilled lizards
  5 goblins
  6 rats
93 creatures vanquished.

Notes
Turn   | Place    | Note
-------+----------+-------------------------------------------
     0 | D:1      | Condegh the Hill Orc Monk began the quest for the Orb.
     0 | D:1      | Reached XP level 1. HP: 19/19 MP: 1/1
    47 | D:1      | Reached XP level 2. HP: 17/27 MP: 2/2
   194 | D:1      | Reached skill level 1 in Armour
   495 | D:1      | Reached XP level 3. HP: 26/33 MP: 3/3
  1133 | D:2      | Reached skill level 5 in Axes
  1344 | D:2      | Reached XP level 4. HP: 8/40 MP: 4/4
  1595 | D:2      | Found a faded altar of an unknown god.
  2392 | D:3      | Identified the +1 pair of gloves of the Game of Life {rElec
                  | Will+ Int+2 Dex-3}
  2755 | D:3      | Reached XP level 5. HP: 38/46 MP: 5/5
  3334 | D:4      | Reached skill level 6 in Axes
  3393 | D:4      | Found a glowing silver altar of Zin.
  3396 | D:4      | Noticed a phantom
  3430 | D:3      | Killed a phantom
  3431 | D:3      | Reached skill level 7 in Axes
  3431 | D:3      | Reached XP level 6. HP: 44/52 MP: 6/6
  3713 | D:4      | Identified the +3 sling of Vuro {freeze, Str+3}
  4347 | D:5      | Entered Level 5 of the Dungeon
  4637 | D:5      | Reached skill level 1 in Evocations
  4637 | D:5      | Reached XP level 7. HP: 32/60 MP: 7/7
  4865 | D:5      | Noticed Eustachio
  4882 | D:5      | Reached skill level 5 in Fighting
  4898 | D:5      | Reached skill level 8 in Axes
  4898 | D:5      | Reached skill level 5 in Armour
  4921 | D:5      | HP: 1/61 [river rat[Eustachio] (5)]
  4921 | D:5      | Slain by a quasit

Illustrated notes

Levels and vault maps discovered:
D:1:      enne_arrival_octagon_isle, layout_loops_ring
D:2:      layout_rooms, ebering_ecumenical_altar_petrified
D:3:      layout_basic, grunt_ministairs_1
D:4:      layout_loops_corners, old_standard_altar, kennysheep_small_spiral
D:5:      layout_basic, nicolae_overflow_hidden_temple, portal_sewer_entry_e,
          chequers_hall_statues_corner_a, uniq_eustachio

Skill      XL: |  1  2  3  4  5  6  7 |
---------------+----------------------+-----
Armour         | 1 2 3 4 5 |  5.0
Fighting       | 4 5 |  5.0
Axes           | 5 7 8 |  8.2
Evocations     | 1 2 |  2.4
Dodging        | |  2.4
Stealth        | |  1.5

Action                   |  1- 3 |  4- 6 |  7- 9 || total
-------------------------+-------+-------+-------++-------
Melee: Hand axe          |   116 |   201 |    99 ||   416
       Punch             |     2 |     1 |     3 ||     6
  Use: Scroll            |     2 |     6 |       ||     8
       Potion            |       |     1 |     1 ||     2
 Stab: Sleeping          |     3 |     1 |       ||     4
Armor: Robe              |    19 |     5 |       ||    24
       Chain mail        |       |    69 |    82 ||   151
Dodge: Dodged            |    59 |    71 |    42 ||   172
Block: Other             |       |       |    27 ||    27
